[Event "42nd Olympiad Baku 2016 Women"]
[Site "Baku"]
[Date "2016.09.06"]
[Round "5.32"]
[White "Voiska, Margarita"]
[Black "Martinez, Ayelen"]
[Result "0-1"]
[ECO "A45"]
[WhiteElo "2290"]
[BlackElo "2219"]
[Annotator ""]
[PlyCount "132"]
[EventDate "2016.??.??"]
[EventType "team-tourn"]
[EventCountry "AZE"]
[SourceTitle "playchess.com"]
[Source "ChessBase"]
[WhiteTeam "Bulgaria"]
[BlackTeam "Argentina"]
[WhiteTeamCountry "BUL"]
[BlackTeamCountry "ARG"]
[TimeControl "40/5400+30:1800+30"]

1. d4 {(00:00)} Nf6 {(00:00)} 2. g3 {(00:00)} g6 {(
00:00)} 3. Bg2 {(00:00)} Bg7 {(00:00)} 4. Nf3 {(00:52)}
O-O {(00:00)} 5. O-O {(01:06)} d6 {(00:00)} 6. c4 {
(00:47)} c5 {(00:16)} 7. dxc5 {(04:32)} dxc5 {(00:
17)} 8. Ne5 {(00:39)} Qd4 {(11:18)} 9. Nd3 {(06:43)} Qxc4
{(05:25)} 10. Na3 {(04:31)} Qg4 {(05:43)} 11. Be3 {
(10:33)} Nc6 {(08:25)} 12. Bxc5 {(01:53)} Nd7 {(07:
22)} 13. Be3 {(04:02)} Rd8 {(10:38)} 14. h3 {(09:43)} Qh5
{(04:25)} 15. g4 {(05:27)} Qh4 {(04:24)} 16. Qc1 {(
06:04)} Nd4 {(03:47)} 17. Bxd4 {(05:18)} Bxd4 {(00:07)}
18. Nb5 {(00:08)} Bg7 {(04:23)} 19. Qe3 {(09:50)} Nf6 {
(02:20)} 20. Nc7 {(04:32)} Rb8 {(01:49)} 21. Ne5 {(
00:37)} Ne8 {(07:38)} 22. Nd5 {(05:32)} Bxe5 {(11:51)} 23.
Qxe5 {(00:11)} Be6 {(00:28)} 24. Rad1 {(03:30)} Nd6 {
(01:10)} 25. b3 {(04:45)} b5 {(05:19)} 26. Rd4 {(
00:37)} Bxd5 {(01:41)} 27. Rxd5 {(00:25)} Rdc8 {(01:31)}
28. Rfd1 {(00:57)} b4 {(01:40)} 29. Rc5 {(05:51)} Rxc5 {
(01:24)} 30. Qxc5 {(00:03)} a6 {(00:09)} 31. e4 {(
02:26)} Rc8 {(01:18)} 32. Qxb4 {(01:10)} Rc2 {(00:12)} 33.
Qd4 {(01:50)} Nb5 {(00:20)} 34. Qe3 {(00:24)} e5 35. Rd2 {
(00:57)} Rc1+ {(01:26)} 36. Kh2 {(00:04)} Rc3 {(00:
34)} 37. Rd3 {(00:36)} Rxd3 {(00:16)} 38. Qxd3 {(00:04)}
Qxf2 {(00:02)} 39. a4 {(01:44)} Nd4 {(00:05)} 40. Qf1 {
(00:00)} Qb2 {(00:00)} 41. Qxa6 {(03:15)} Nf3+ {(
11:46)} 42. Kh1 {(05:11)} Nh4 {(02:11)} 43. Bf1 {(04:12)}
Nf3 {(03:31)} 44. Qe2 {(01:46)} Nd2 {(00:39)} 45. a5 {
(02:42)} Qc1 {(02:17)} 46. Kg2 {(01:17)} Nxb3 {(01:
54)} 47. a6 {(00:36)} Nd4 {(02:31)} 48. Qd3 {(10:55)} Qa1
{(04:54)} 49. Qe3 {(02:14)} Qa4 {(05:07)} 50. Kg1 {
(00:42)} Kg7 {(01:24)} 51. g5 {(00:57)} Qd1 {(00:
56)} 52. Qf2 {(01:34)} Nf3+ {(00:26)} 53. Kg2 {(00:33)}
Nxg5 {(00:31)} 54. a7 {(00:39)} Qa4 {(00:38)} 55. Bc4 {
(00:54)} Qa3 {(00:19)} 56. h4 {(00:21)} Qh3+ {(00:
34)} 57. Kg1 {(00:01)} Qg4+ {(00:37)} 58. Kh2 {(00:27)}
Nf3+ {(00:22)} 59. Qxf3 {(00:08)} Qxf3 {(00:03)} 60. a8=Q
{(00:07)} Qf2+ {(00:36)} 61. Kh1 {(01:39)} Qe1+ {(
00:44)} 62. Kh2 {(00:45)} Qd2+ {(00:35)} 63. Kg1 {(00:14)}
Qd4+ {(00:13)} 64. Kg2 {(00:14)} Qxc4 {(00:04)} 65. Qb7 {
(00:14)} Qe2+ {(00:09)} 66. Kg3 {(00:12)} h5 {(00:
26)} 0-1

[Event "42nd Olympiad Baku 2016 Women"]
[Site "Baku"]
[Date "2016.09.06"]
[Round "5.21"]
[White "Vovk, Oksana"]
[Black "Repkova, Eva"]
[Result "1/2-1/2"]
[ECO "D55"]
[WhiteElo "2204"]
[BlackElo "2332"]
[Annotator ""]
[PlyCount "78"]
[EventDate "2016.??.??"]
[EventType "team-tourn"]
[EventCountry "AZE"]
[SourceTitle "playchess.com"]
[Source "ChessBase"]
[WhiteTeam "Denmark"]
[BlackTeam "Slovakia"]
[WhiteTeamCountry "DEN"]
[BlackTeamCountry "SVK"]
[TimeControl "40/5400+30:1800+30"]

1. d4 {(00:00)} e6 {(00:00)} 2. c4 {(00:00)} Nf6 {(
00:00)} 3. Nf3 {(00:00)} d5 {(00:00)} 4. Nc3 {(00:09)} Be7
{(00:00)} 5. Bg5 {(01:20)} O-O {(06:39)} 6. e3 {(
00:21)} h6 {(01:53)} 7. Bxf6 {(02:20)} Bxf6 {(00:07)} 8.
Qc2 {(00:32)} c6 {(02:25)} 9. Rd1 {(01:14)} Qa5 {(
01:12)} 10. a3 {(04:43)} Nd7 {(00:34)} 11. Be2 {(00:34)}
dxc4 {(04:56)} 12. Bxc4 {(00:57)} e5 {(00:21)} 13. O-O {
(04:02)} exd4 {(00:26)} 14. exd4 {(02:23)} Nb6 {(
02:33)} 15. Ba2 {(00:55)} Bf5 {(02:02)} 16. Ne4 {(01:50)}
Kh8 {(03:41)} 17. Qc5 {(05:03)} Qxc5 {(01:47)} 18. Nxc5 {
(00:18)} Nd5 {(13:27)} 19. Ne5 {(04:47)} Rae8 {(28:
05)} 20. Nxb7 {(15:36)} Bxe5 {(00:08)} 21. dxe5 {(00:15)}
Rxe5 {(00:05)} 22. Rfe1 {(06:11)} Rxe1+ {(00:14)} 23. Rxe1
{(00:03)} Rb8 {(01:49)} 24. Nd6 {(04:03)} Be6 {(00:
04)} 25. b4 {(03:13)} a5 {(01:16)} 26. bxa5 {(02:23)} Ra8
{(00:08)} 27. f4 {(11:39)} g6 {(03:18)} 28. g3 {(
09:01)} Rxa5 {(01:27)} 29. Nc4 {(00:18)} Ra6 {(03:45)} 30.
Bb3 {(04:27)} Nb6 {(03:06)} 31. Rc1 {(01:25)} c5 {(
02:11)} 32. Rc3 {(02:26)} Nxc4 {(01:47)} 33. Bxc4 {(00:15]
} Bxc4 {(00:04)} 34. Rxc4 {(00:06)} Rxa3 {(00:06)} 35.
Rxc5 {(00:05)} Ra2 {(00:16)} 36. h3 {(07:30)} Kg7 {
(00:15)} 37. Re5 {(00:09)} Kf6 {(00:13)} 38. Re3 {(
01:18)} h5 {(00:10)} 39. Kf1 {(03:17)} Rb2 {(00:53)}
1/2-1/2

[Event "42nd Olympiad Baku 2016 Women"]
[Site "Baku"]
[Date "2016.09.06"]
[Round "5.8"]
[White "Walta, Paivi"]
[Black "Dierckens, Sarah"]
[Result "0-1"]
[ECO "C02"]
[WhiteElo "1735"]
[BlackElo "1830"]
[Annotator ""]
[PlyCount "110"]
[EventDate "2016.??.??"]
[EventType "team-tourn"]
[EventCountry "AZE"]
[SourceTitle "playchess.com"]
[Source "ChessBase"]
[WhiteTeam "Finland"]
[BlackTeam "Belgium"]
[WhiteTeamCountry "FIN"]
[BlackTeamCountry "BEL"]
[TimeControl "40/5400+30:1800+30"]

1. e4 {(00:00)} e6 {(00:00)} 2. d4 {(00:00)} d5 {(
00:00)} 3. e5 {(00:06)} c5 {(00:00)} 4. c3 {(00:18)} Nc6 {
(00:00)} 5. Nf3 {(00:19)} Qb6 {(00:12)} 6. a3 {(00:
45)} c4 {(00:28)} 7. Nbd2 {(01:17)} f6 {(00:12)} 8. Qe2 {
(00:46)} fxe5 {(04:17)} 9. Nxe5 {(00:10)} Nf6 {(02:
30)} 10. f4 {(07:04)} Bd6 {(04:42)} 11. g3 {(04:27)} O-O {
(03:41)} 12. Bh3 {(00:59)} Re8 {(03:28)} 13. O-O {(
02:42)} Na5 {(11:26)} 14. Ndf3 {(05:54)} Nb3 {(04:08)} 15.
Rb1 {(00:20)} Qc7 {(02:45)} 16. Be3 {(05:54)} b5 {(
03:53)} 17. g4 {(09:28)} Ne4 {(01:21)} 18. g5 {(01:21)}
Bxa3 {(02:35)} 19. g6 {(04:44)} h6 {(00:56)} 20. Nf7 {
(06:09)} e5 {(07:48)} 21. Bxc8 {(04:33)} exd4 {(05:
14)} 22. Nxd4 {(02:23)} Nxd4 {(01:22)} 23. Bxd4 {(00:22)}
Qxc8 {(00:40)} 24. Qh5 {(03:40)} Bc5 {(16:50)} 25. Qxd5 {
(02:21)} Bxd4+ {(00:17)} 26. cxd4 {(00:35)} Qg4+ {(
08:45)} 27. Kh1 {(00:09)} Qe6 {(00:08)} 28. Qxe6 {(02:29)}
Rxe6 {(00:01)} 29. f5 {(00:13)} Re7 {(05:24)} 30. Rbd1 {
(00:42)} b4 {(03:05)} 31. d5 {(02:19)} c3 {(00:44)}
32. bxc3 {(00:09)} bxc3 {(00:29)} 33. d6 {(00:18)} Rd7 {
(00:49)} 34. Rd4 {(03:31)} Nd2 {(04:20)} 35. Rc1 {(
00:34)} Nb3 {(00:10)} 36. Ne5 {(03:27)} Rb7 {(02:06)} 37.
d7 {(03:14)} Nxd4 {(01:00)} 38. Rxc3 {(00:14)} Rd8 {
(00:30)} 39. Rc5 {(03:59)} Kf8 {(02:17)} 40. Rd5 {(
00:00)} Nxf5 {(00:00)} 41. Nc6 {(04:12)} Rdxd7 {(08:10)}
42. Rxf5+ {(00:30)} Ke8 {(02:09)} 43. Re5+ {(00:21)} Re7 {
(00:16)} 44. Rd5 {(02:24)} Rbd7 {(03:58)} 45. Rb5 {
(00:15)} Re1+ {(01:52)} 46. Kg2 {(00:19)} Rd2+ {(
00:36)} 47. Kf3 {(01:42)} Rd6 {(04:55)} 48. Kf2 {(05:08)}
Ra1 {(03:16)} 49. Rb8+ {(03:38)} Kd7 {(00:44)} 50. Ne5+ {
(00:08)} Ke6 {(00:58)} 51. Re8+ {(00:15)} Kf6 {(00:
33)} 52. h4 {(00:36)} Ra5 {(01:23)} 53. Nc4 {(01:36)} Rf5+
{(00:45)} 54. Kg3 {(00:29)} Rd3+ {(00:51)} 55. Ne3 {
(00:50)} Re5 {(01:05)} 0-1

[Event "42nd Olympiad Baku 2016 Women"]
[Site "Baku"]
[Date "2016.09.06"]
[Round "5.30"]
[White "Wickramasinghe, Dilhara Ishini"]
[Black "Hagesather, Ellen"]
[Result "0-1"]
[ECO "A80"]
[WhiteElo "1750"]
[BlackElo "2139"]
[Annotator ""]
[PlyCount "80"]
[EventDate "2016.??.??"]
[EventType "team-tourn"]
[EventCountry "AZE"]
[SourceTitle "playchess.com"]
[Source "ChessBase"]
[WhiteTeam "Sri Lanka"]
[BlackTeam "Norway"]
[WhiteTeamCountry "SRI"]
[BlackTeamCountry "NOR"]
[TimeControl "40/5400+30:1800+30"]

1. d4 {(00:00)} f5 {(00:00)} 2. Nc3 {(00:00)} d5 {(
00:06)} 3. Bg5 {(00:54)} Nf6 {(00:30)} 4. Bxf6 {(01:10)}
exf6 {(00:05)} 5. e3 {(00:34)} Be6 {(00:38)} 6. Bd3 {
(01:06)} Qd7 {(00:35)} 7. Qf3 {(01:50)} Nc6 {(01:
18)} 8. a3 {(01:24)} Ne7 {(02:53)} 9. Nge2 {(03:44)} c6 {
(02:40)} 10. Ng3 {(03:14)} g6 {(02:16)} 11. h4 {(
04:04)} h5 {(00:26)} 12. Nge2 {(05:19)} Nc8 {(03:31)} 13.
Nf4 {(03:21)} Bf7 {(02:42)} 14. Qe2 {(10:07)} Nd6 {
(02:50)} 15. f3 {(09:13)} Bh6 {(05:30)} 16. Nh3 {(
26:29)} O-O-O {(04:40)} 17. O-O-O {(04:24)} Rhe8 {(02:10)}
18. f4 {(01:49)} Re7 {(03:32)} 19. Qd2 {(02:53)} Rde8 {
(02:30)} 20. Rde1 {(02:19)} Re6 {(00:50)} 21. Re2 {
(02:39)} R8e7 {(01:06)} 22. Na4 {(01:57)} b6 {(01:
47)} 23. Nc3 {(01:46)} Kb8 {(01:17)} 24. Na2 {(03:40)} c5
{(02:43)} 25. dxc5 {(04:39)} bxc5 {(00:19)} 26. c3 {
(03:22)} Nb7 {(03:01)} 27. Rhe1 {(00:44)} Rb6 {(04:
53)} 28. b4 {(00:39)} Qa4 {(01:46)} 29. Qb2 {(00:27)} Rc7
{(02:23)} 30. Kb1 {(00:32)} Bf8 {(01:17)} 31. g3 {(
00:32)} Nd6 {(02:28)} 32. Bc2 {(00:30)} Qa6 {(01:28)} 33.
Bb3 {(00:30)} Ne4 {(00:54)} 34. Rg2 {(00:28)} Qb7 {
(03:35)} 35. Bc2 {(00:33)} d4 {(00:58)} 36. Bxe4 {(
00:28)} Qxe4+ {(00:42)} 37. Qc2 {(00:31)} Bd5 {(03:34)}
38. Nc1 {(00:32)} Qxg2 {(00:34)} 39. Qxg2 {(00:27)} Bxg2 {
(00:07)} 40. Nf2 {(00:00)} dxc3 {(00:00)} 0-1

[Event "42nd Olympiad Baku 2016 Women"]
[Site "Baku"]
[Date "2016.09.06"]
[Round "5.27"]
[White "Yearwood, Shannon"]
[Black "Castro, Neusa Aridas De"]
[Result "1-0"]
[ECO "C03"]
[WhiteElo "1662"]
[BlackElo "1476"]
[Annotator ""]
[PlyCount "157"]
[EventDate "2016.??.??"]
[EventType "team-tourn"]
[EventCountry "AZE"]
[SourceTitle "playchess.com"]
[Source "ChessBase"]
[WhiteTeam "TTO"]
[BlackTeam "MOZ"]
[BlackTeamCountry "MOZ"]
[TimeControl "40/5400+30:1800+30"]

1. e4 {(00:00)} e6 {(00:00)} 2. d4 {(00:00)} d5 {(
00:00)} 3. Nd2 {(00:00)} Ne7 {(00:25)} 4. Ngf3 {(02:34)}
Ng6 {(00:09)} 5. exd5 {(05:02)} exd5 {(00:22)} 6. Nb3 {
(00:45)} Be7 {(00:46)} 7. Bd3 {(01:07)} O-O {(01:
30)} 8. O-O {(01:51)} Nd7 {(01:09)} 9. Re1 {(03:02)} Nf6 {
(01:43)} 10. h3 {(00:14)} c6 {(00:15)} 11. Ne5 {(
05:29)} Bd6 {(00:44)} 12. f4 {(08:01)} Qc7 {(01:21)} 13.
Bd2 {(10:26)} Ne7 {(03:37)} 14. g4 {(13:56)} Nd7 {(
05:12)} 15. g5 {(06:01)} f6 {(01:48)} 16. Bxh7+ {(07:14)}
Kxh7 {(15:06)} 17. Qh5+ {(00:09)} Kg8 {(00:23)} 18. g6 {
(00:07)} Nxg6 {(00:14)} 19. Nxg6 {(00:26)} f5 {(12:
16)} 20. Nxf8 {(08:00)} Nxf8 {(00:19)} 21. Re8 {(01:34)}
Qf7 {(03:30)} 22. Qxf7+ {(01:35)} Kxf7 {(00:08)} 23. Rae1
{(01:31)} Rb8 {(00:21)} 24. R8e2 {(01:25)} Bd7 {(
02:17)} 25. Kf2 {(01:22)} Ng6 {(00:56)} 26. Nc1 {(03:59)}
Rh8 {(00:11)} 27. Kg3 {(02:28)} Nf8 {(01:20)} 28. Nd3 {
(00:53)} Kf6 {(02:10)} 29. Ne5 {(00:36)} Be6 {(00:
58)} 30. b3 {(01:03)} Rh7 {(02:02)} 31. c4 c5 {(01:30)}
32. dxc5 {(02:44)} Bxc5 {(01:28)} 33. b4 {(00:21)} Bd6 {
(02:52)} 34. c5 {(00:17)} Bxe5 {(02:01)} 35. Rxe5 {
(01:33)} g6 {(00:27)} 36. Bc3 {(00:55)} Ke7 {(01:
19)} 37. b5 {(00:15)} g5 {(06:38)} 38. Bd2 {(01:49)} gxf4+
{(02:32)} 39. Bxf4 {(00:12)} Rg7+ {(00:30)} 40. Kf3 {
(00:00)} Rg6 {(00:00)} 41. Rxd5 {(02:44)} Kf7 {(06:
27)} 42. Rd2 {(03:18)} Bd7 {(02:29)} 43. a4 {(01:41)} a6 {
(04:47)} 44. Re5 {(13:22)} axb5 {(03:18)} 45. axb5 {
(00:12)} Bxb5 {(00:07)} 46. Rxf5+ {(00:16)} Ke8 {(
01:32)} 47. h4 {(04:31)} Bc6+ {(00:07)} 48. Ke3 {(01:40)}
Rg4 {(03:16)} 49. Rh2 {(02:26)} Ng6 {(00:29)} 50. h5 {
(00:32)} Nh4 {(04:49)} 51. Rg5 {(04:46)} Ng2+ {(03:
10)} 52. Rxg2 {(03:09)} Rxg2 {(00:53)} 53. Re5+ {(02:25)}
Kf7 {(02:42)} 54. h6 {(00:08)} Rg8 {(02:29)} 55. Rh5 {
(02:34)} Kg6 {(00:45)} 56. Rg5+ {(02:02)} Kh7 {(00:
08)} 57. Rh5 {(00:44)} Re8+ {(05:57)} 58. Kd2 {(00:48)}
Kg6 {(00:18)} 59. Rh3 {(01:17)} Rh8 {(01:43)} 60. Rg3+ {
(00:46)} Kf5 {(05:43)} 61. Be3 {(00:09)} Be8 {(01:
43)} 62. Kc3 {(00:49)} Rh7 {(00:35)} 63. Kb4 {(00:30)} Ke6
{(02:46)} 64. Ka5 {(00:24)} Kd7 {(00:25)} 65. Kb6 {
(00:37)} Ke6 {(03:17)} 66. Bd2 {(01:00)} Bc6 {(00:
23)} 67. Rh3 {(00:29)} Kf7 {(01:01)} 68. Bc3 {(00:17)} Kg6
{(00:35)} 69. Bg7 {(00:16)} Kf7 {(00:55)} 70. Re3 {
(00:51)} Bd5 {(01:07)} 71. Re2 {(00:32)} Bc6 {(00:
34)} 72. Kc7 {(00:12)} Kg6 {(02:04)} 73. Rb2 {(00:09)} Be4
{(04:43)} 74. Rxb7 {(00:11)} Kf7 {(00:31)} 75. Kb6+ {
(00:19)} Ke8 {(00:34)} 76. c6 {(00:19)} Bf5 {(02:
51)} 77. Rb8+ {(00:18)} Kf7 {(00:56)} 78. Rf8+ {(00:22)}
Ke6 {(01:32)} 79. Rxf5 {(00:08)} 1-0

[Event "42nd Olympiad Baku 2016 Women"]
[Site "Baku"]
[Date "2016.09.06"]
[Round "5.26"]
[White "Yuan, Yuanling"]
[Black "Monroy G, Nataly A"]
[Result "1/2-1/2"]
[ECO "B36"]
[WhiteElo "2205"]
[BlackElo "2105"]
[Annotator ""]
[PlyCount "114"]
[EventDate "2016.??.??"]
[EventType "team-tourn"]
[EventCountry "AZE"]
[SourceTitle "playchess.com"]
[Source "ChessBase"]
[WhiteTeam "Canada"]
[BlackTeam "Bolivia"]
[WhiteTeamCountry "CAN"]
[BlackTeamCountry "BOL"]
[TimeControl "40/5400+30:1800+30"]

1. e4 {(00:00)} c5 {(00:00)} 2. Nf3 {(00:00)} Nc6 {
(00:00)} 3. d4 {(00:00)} cxd4 {(00:06)} 4. Nxd4 {(
00:00)} g6 {(00:28)} 5. c4 {(00:02)} Nf6 {(00:39)} 6. Nc3
{(00:19)} d6 {(00:35)} 7. Be2 {(02:11)} Nxd4 {(01:
30)} 8. Qxd4 {(00:09)} Bg7 {(01:18)} 9. Be3 {(05:15)} O-O
{(00:55)} 10. Qd2 {(01:56)} a5 {(01:48)} 11. Rd1 {(
05:14)} Be6 {(08:40)} 12. a4 {(09:48)} Nd7 {(07:55)} 13.
Nb5 {(08:09)} Nc5 {(07:28)} 14. Qc2 {(01:47)} Qc8 {
(11:21)} 15. Nd4 {(23:10)} Bd7 {(08:10)} 16. b3 {(
00:19)} Qc7 {(09:02)} 17. O-O {(02:17)} Bc6 {(02:05)} 18.
Bd3 {(08:06)} b6 {(19:18)} 19. f3 {(07:15)} Rad8 {(
01:01)} 20. Rd2 {(07:51)} Rd7 {(01:09)} 21. Rfd1 {(00:16)}
Rfd8 {(00:19)} 22. Bf1 {(00:42)} Qb7 {(01:02)} 23. Ne2 {
(04:54)} Ne6 {(02:52)} 24. Nc3 {(00:52)} Re8 {(04:
22)} 25. Nd5 {(02:36)} Bxd5 {(00:30)} 26. cxd5 {(03:43)}
Rc7 {(00:47)} 27. Qb1 {(00:10)} Nc5 {(01:00)} 28. Bb5 {
(00:15)} Rec8 {(01:49)} 29. Rc2 {(03:22)} Qa7 {(04:
04)} 30. Rdc1 {(01:30)} Be5 {(02:04)} 31. Rc4 {(00:38)}
Rb8 {(01:20)} 32. Qc2 {(00:22)} Rbc8 {(00:57)} 33. f4 {
(01:23)} Bg7 {(00:12)} 34. Qd1 {(00:58)} Qb8 {(00:
16)} 35. Bf2 {(00:52)} Ra7 {(00:53)} 36. Qf3 {(00:12)} Qc7
{(00:16)} 37. Bd4 {(00:45)} Bxd4+ {(01:22)} 38. Rxd4 {
(00:01)} Qd8 {(00:03)} 39. Rdc4 {(01:04)} Qf8 {(00:
34)} 40. e5 {(00:00)} Qg7 {(00:00)} 41. Re1 {(07:15)} Rd8
{(03:56)} 42. Bc6 {(01:03)} e6 {(07:53)} 43. b4 {(
08:19)} axb4 {(01:19)} 44. Rxb4 {(00:02)} dxe5 {(00:42)}
45. Rxe5 {(03:47)} exd5 {(00:36)} 46. Bxd5 {(05:13)} Rad7
{(04:58)} 47. Rxb6 {(04:33)} Nxa4 {(04:06)} 48. Rb1 {
(00:41)} Qf8 {(01:00)} 49. Kh1 {(03:39)} Rxd5 {(01:
49)} 50. Rxd5 {(00:08)} Rxd5 {(00:03)} 51. Qxd5 {(00:12)}
Nc3 {(00:03)} 52. Qd3 {(00:19)} Nxb1 {(00:04)} 53. Qxb1 {
(00:02)} Qd6 {(00:10)} 54. Qc1 {(00:29)} h5 {(00:
23)} 55. h3 {(00:43)} Kg7 {(00:39)} 56. Qc3+ {(00:16)} Qf6
{(00:04)} 57. Qe3 {(00:14)} Qa1+ {(00:34)} 1/2-1/2

[Event "42nd Olympiad Baku 2016 Women"]
[Site "Baku"]
[Date "2016.09.06"]
[Round "5.11"]
[White "Zairbek kyzy, Begimay"]
[Black "Vongvastana, Chananchida"]
[Result "1/2-1/2"]
[ECO "B01"]
[WhiteElo "1836"]
[BlackElo "1594"]
[Annotator ""]
[PlyCount "107"]
[EventDate "2016.??.??"]
[EventType "team-tourn"]
[EventCountry "AZE"]
[SourceTitle "playchess.com"]
[Source "ChessBase"]
[WhiteTeam "Kyrgyzstan"]
[BlackTeam "Thailand"]
[WhiteTeamCountry "KGZ"]
[BlackTeamCountry "THA"]
[TimeControl "40/5400+30:1800+30"]

1. e4 {(00:00)} d5 {(00:00)} 2. exd5 {(02:33)} Qxd5 {
(00:00)} 3. Nc3 {(00:18)} Qd8 {(00:00)} 4. Nf3 {(
01:09)} Nf6 {(00:42)} 5. Be2 {(00:52)} g6 {(00:26)} 6. d3
{(00:12)} Bg7 {(00:23)} 7. O-O {(00:11)} O-O {(01:
20)} 8. h3 {(01:14)} Nc6 {(03:54)} 9. Bf4 {(00:50)} a6 {
(02:46)} 10. Qd2 {(01:00)} b6 {(07:22)} 11. Bh6 {(
06:17)} Bb7 {(00:18)} 12. a3 {(06:36)} Re8 {(05:03)} 13.
Rad1 {(04:50)} Nd4 {(07:36)} 14. Nxd4 {(08:50)} Qxd4 {
(00:19)} 15. Be3 {(01:16)} Qd7 {(03:38)} 16. f4 {(
10:27)} Rad8 {(07:55)} 17. f5 {(06:16)} gxf5 {(21:49)} 18.
Bh6 {(02:41)} Bxh6 {(00:25)} 19. Qxh6 {(00:22)} Kh8 {
(00:08)} 20. Bf3 {(11:15)} Bxf3 {(01:08)} 21. Rxf3 {
(00:15)} Rg8 {(00:10)} 22. Ne2 {(06:50)} Qc6 {(06:
08)} 23. Rdf1 {(10:15)} Qxc2 {(03:51)} 24. Ng3 {(03:33)}
Rg6 {(20:30)} 25. Qh4 {(04:48)} Rxd3 {(02:34)} 26. R3f2 {
(04:02)} Rd2 {(00:45)} 27. Qf4 {(02:45)} Rxf2 {(00:
54)} 28. Rxf2 {(00:04)} Qc5 {(00:25)} 29. Nxf5 {(00:59)}
Nd5 {(01:52)} 30. Qe5+ {(01:49)} Rf6 {(00:35)} 31. g4 {
(01:49)} Kg8 {(01:43)} 32. Kg2 {(00:33)} Kf8 {(00:
31)} 33. g5 {(00:48)} Ne3+ {(00:15)} 34. Qxe3 {(00:18)}
Rxf5 {(00:11)} 35. Qxc5 {(00:45)} Rxc5 {(00:10)} 36. h4 {
(00:02)} Kg7 {(00:20)} 37. Kg3 {(00:03)} Rc4 {(00:
40)} 38. h5 {(01:14)} f6 {(00:56)} 39. Re2 {(00:58)} e5 {
(01:02)} 40. gxf6+ {(00:00)} Kxf6 {(00:00)} 41. Re3 {
(00:56)} h6 {(02:18)} 42. b3 {(01:09)} Rd4 {(00:57]
} 43. Rc3 {(01:33)} c5 {(01:22)} 44. b4 {(00:57)} c4 {
(00:09)} 45. Kf2 {(00:30)} Rd3 {(00:15)} 46. Rxc4 {
(00:22)} Rd6 {(01:22)} 47. Rg4 {(01:15)} Kf5 {(00:
22)} 48. Rg8 {(00:18)} Rc6 {(16:03)} 49. Ke2 {(01:40)} e4
{(04:53)} 50. Ra8 {(07:05)} b5 {(00:21)} 51. Rg8 {(
01:03)} Rd6 {(04:28)} 52. Ke3 {(08:34)} Rd3+ {(00:36)} 53.
Ke2 {(00:02)} Rd6 {(02:09)} 54. Ke3 {(00:15)} 1/2-1/2

[Event "42nd Olympiad Baku 2016 Women"]
[Site "Baku"]
[Date "2016.09.06"]
[Round "5.2"]
[White "Zaksaite, Salomeja"]
[Black "Paikidze, Nazi"]
[Result "1/2-1/2"]
[ECO "B11"]
[WhiteElo "2298"]
[BlackElo "2366"]
[Annotator ""]
[PlyCount "68"]
[EventDate "2016.??.??"]
[EventType "team-tourn"]
[EventCountry "AZE"]
[SourceTitle "playchess.com"]
[Source "ChessBase"]
[WhiteTeam "Lithuania"]
[BlackTeam "United States"]
[WhiteTeamCountry "LTU"]
[BlackTeamCountry "USA"]
[TimeControl "40/5400+30:1800+30"]

1. e4 {(00:00)} c6 {(00:00)} 2. Nc3 {(00:05)} d5 {(
00:00)} 3. Nf3 {(00:08)} Bg4 {(00:30)} 4. h3 {(00:14)}
Bxf3 {(00:06)} 5. Qxf3 {(00:03)} e6 {(00:07)} 6. Be2 {
(01:10)} Nd7 {(09:55)} 7. d4 {(00:39)} dxe4 {(00:
50)} 8. Nxe4 {(00:19)} Ngf6 {(00:12)} 9. O-O {(00:44)} Be7
{(01:28)} 10. Be3 {(12:23)} Nxe4 {(08:42)} 11. Qxe4 {
(00:04)} Nf6 {(00:06)} 12. Qd3 {(03:53)} Qc7 {(11:
39)} 13. c4 {(01:20)} O-O {(01:54)} 14. Bf3 {(06:40)} Rad8
{(02:09)} 15. Rad1 {(09:35)} Rd7 {(08:48)} 16. Qc3 {
(10:07)} Rfd8 {(09:14)} 17. Rd2 {(02:19)} a5 {(02:
27)} 18. a3 {(01:45)} b5 {(09:03)} 19. Rfd1 {(24:24)} b4 {
(04:19)} 20. Qb3 {(01:24)} c5 21. dxc5 {(07:05)} Rxd2 {
(05:27)} 22. Rxd2 {(03:11)} Rxd2 {(00:05)} 23. Bxd2 {
(00:02)} Bxc5 {(00:46)} 24. axb4 {(01:28)} axb4 {(
02:13)} 25. Qa4 {(00:52)} Qd6 {(01:33)} 26. Qa8+ {(00:23)}
Qf8 {(00:04)} 27. Kf1 {(02:02)} Nd7 {(02:05)} 28. Qxf8+ {
(00:57)} Kxf8 {(00:05)} 29. Ke2 {(05:12)} Ke7 {(00:
13)} 30. Bc6 {(00:44)} Ne5 {(01:53)} 31. Bb5 {(00:06)} f6
{(00:51)} 32. Be3 {(03:37)} Kd6 {(01:24)} 33. Bf4 {
(00:33)} Bd4 {(01:24)} 34. b3 {(00:47)} Kc5 {(02:
50)} 1/2-1/2

[Event "42nd Olympiad Baku 2016 Women"]
[Site "Baku"]
[Date "2016.09.06"]
[Round "5.3"]
[White "Zatonskih, Anna"]
[Black "Batyte, Daiva"]
[Result "1-0"]
[ECO "C09"]
[WhiteElo "2449"]
[BlackElo "2189"]
[Annotator ""]
[PlyCount "75"]
[EventDate "2016.??.??"]
[EventType "team-tourn"]
[EventCountry "AZE"]
[SourceTitle "playchess.com"]
[Source "ChessBase"]
[WhiteTeam "United States"]
[BlackTeam "Lithuania"]
[WhiteTeamCountry "USA"]
[BlackTeamCountry "LTU"]
[TimeControl "40/5400+30:1800+30"]

1. e4 {(00:00)} e6 {(00:00)} 2. d4 {(00:00)} d5 {(
00:00)} 3. Nd2 {(00:00)} c5 {(00:05)} 4. Ngf3 {(00:43)}
Nc6 {(02:58)} 5. exd5 {(00:25)} exd5 {(00:22)} 6. Bb5 {
(00:46)} Bd6 {(02:31)} 7. dxc5 {(00:21)} Bxc5 {(01:
30)} 8. O-O {(00:20)} Nge7 {(00:59)} 9. Nb3 {(00:13)} Bb6
{(01:19)} 10. c3 {(18:59)} O-O {(01:22)} 11. Be2 {(
07:39)} Nf5 {(03:21)} 12. Bf4 {(12:43)} f6 {(11:02)} 13.
h3 {(14:45)} Re8 {(05:11)} 14. Qc2 {(10:30)} Be6 {(
03:32)} 15. Bd3 {(04:29)} g6 {(01:34)} 16. Rfe1 {(00:14)}
Rc8 {(01:41)} 17. Qd2 {(02:28)} Qd7 {(02:14)} 18. Rad1 {
(02:28)} Rcd8 {(03:50)} 19. Qc2 {(07:54)} Qf7 {(00:
01)} 20. Bb5 {(02:36)} a6 {(01:22)} 21. Ba4 {(01:16)} Ba7
{(01:10)} 22. Nbd4 {(01:58)} Ncxd4 {(03:06)} 23. Nxd4 {
(00:08)} Nxd4 {(02:32)} 24. cxd4 {(02:41)} b5 {(00:
33)} 25. Bb3 {(00:04)} Rc8 {(05:05)} 26. Qd3 {(01:17)} Bf5
{(00:35)} 27. Rxe8+ {(03:41)} Rxe8 {(00:15)} 28. Qc3 {
(01:01)} g5 {(04:29)} 29. Bd6 {(01:21)} Kh8 {(01:
10)} 30. Qc6 {(01:59)} Rd8 {(02:26)} 31. Qxa6 {(01:40)}
Qd7 {(01:35)} 32. Bc5 {(00:29)} Bb8 {(09:19)} 33. Qxf6+ {
(00:05)} Kg8 {(00:05)} 34. Qxg5+ {(00:19)} Kf7 {(
02:16)} 35. Re1 {(00:22)} Be6 {(03:12)} 36. Re3 {(00:07)}
Qc7 {(03:45)} 37. Qh5+ {(00:47)} Kg8 {(02:23)} 38. Qg5+ {
(00:10)} 1-0